Gulls vs Wolfpack

Created - February 18, 2025 at 19:06

Goals
1 2 3 T
Gulls 1 0 1 2
Wolfpack 2 1 2 5
Shots
1 2 3 T
Gulls 14 7 4 25
Wolfpack 15 10 11 36

1st period

1. Gulls , Troy Terry 12 (Mikhail Maltsev 12) at 9:50
2. Wolfpack , Sebastian Collberg 27 (Nolan Patrick 31) at 11:13 (PP)
3. Wolfpack , Derrick Pouliot 8 (Andrei Altybarmakyan 9, Mikhail Vorobyev 6) at 16:02

Penalties :
Kailer Yamamoto (S.D) for Tripping (Minor) at 11:08, Yegor Korshkov (Har) for Holding (Minor) at 12:18

2nd period

4. Wolfpack , Sebastian Collberg 28 (Dryden Hunt 15, Nolan Patrick 32) at 0:41

Penalties :
Ryan Culkin (Har) for Holding (Minor) at 12:49

3rd period

5. Wolfpack , Andrei Altybarmakyan 8 (Yegor Korshkov 15, Joshua Jacobs 7) at 1:46
6. Gulls , Mikhail Maltsev 6 (Troy Terry 7, Tarmo Reunanen 11) at 14:46
7. Wolfpack , Mikhail Vorobyev 3 (Andrei Altybarmakyan 10, Yegor Korshkov 16) at 17:35

Penalties :
Andrew Peeke (Har) for High sticking (Minor) at 6:34, Yegor Korshkov (Har) for High sticking (Minor) at 9:30

Goalie Stats

Louis Domingue (S.D), 31 saves from 36 shots - (0.861), L, 17-11-7, 60:00 minutes
Charlie Lindgren (Har), 23 saves from 25 shots - (0.920), W, 16-8-1, 60:00 minutes

Players Stats for Gulls

Player Name              G  A  P  +/- PIM S  H  SB GA TA FO     MP     PP MP  PK MP  
------------------------------------------------------------------------------------
Andrei Mironov           0  0  0  -1  0   1  2  0  1  1  0/0    26:02   4:31   0:00 
Anton Blidh              0  0  0  -2  0   3  0  0  1  0  1/1    20:44   4:20   0:00 
Barrett Hayton           0  0  0   0  0   0  0  0  0  1  0/0     7:56   0:01   0:00 
Connor Clifton           0  0  0  -2  0   0  0  1  0  1  0/0    13:53   0:01   0:00 
Dean Kukan               0  0  0  -1  0   1  1  0  0  0  0/0    26:07   4:31   0:05 
Dylan DeMelo             0  0  0   1  0   0  1  3  1  1  0/0    20:00   3:24   0:00 
Jack Glover              0  0  0   1  0   0  2  1  0  1  0/0    20:00   3:24   0:00 
Jakub Vrana              0  0  0   0  0   3  3  0  1  0  0/0    17:27   3:35   0:00 
Kailer Yamamoto          0  0  0  -2  2   0  2  2  1  0  1/2    20:43   4:20   0:00 
Logan Brown              0  0  0  -2  0   0  3  0  1  1  15/32  20:44   4:20   0:00 
Luke Kunin               0  0  0   0  0   2  2  1  1  0  4/13   13:53   0:00   0:05 
Mikhail Maltsev          1  1  2   0  0   3  1  0  0  0  0/0    14:07   0:01   0:00 
Morgan Frost             0  0  0   0  0   1  0  0  2  0  11/15  17:27   3:35   0:00 
Pavel Dorofeyev          0  0  0   0  0   0  0  0  0  0  0/0     7:37   0:00   0:00 
Scott Wilson             0  0  0   0  0   3  2  0  1  0  0/0     7:56   0:01   0:00 
Sergey Tolchinsky        0  0  0   0  0   5  4  0  0  0  0/0    17:32   3:35   0:05 
Tarmo Reunanen           0  1  1  -2  0   0  0  0  0  0  0/0    13:58   0:01   0:05 
Troy Terry               1  1  2   0  0   3  0  1  0  0  0/0    13:48   0:00   0:00 

Players Stats for Wolfpack

Player Name              G  A  P  +/- PIM S  H  SB GA TA FO     MP     PP MP  PK MP  
------------------------------------------------------------------------------------
Alex Barre-Boulet        0  0  0  -2  0   5  1  0  0  0  7/16   14:20   0:00   0:00 
Alexander Barabanov      0  0  0  -2  0   6  1  0  0  0  0/0    17:21   0:00   2:26 
Alexander Volkov         0  0  0   0  0   0  0  0  0  0  0/0     0:00   0:00   0:00 
Andrei Altybarmakyan     1  2  3   3  0   2  0  0  0  0  0/0    11:03   0:00   0:00 
Andrew Peeke             0  0  0  -1  2   0  0  1  0  0  0/0     6:17   0:00   0:00 
Cale Fleury              0  0  0   1  0   0  1  0  0  1  0/0    11:18   0:00   0:39 
Colton White             0  0  0   2  0   2  2  0  0  1  0/0    24:02   0:05   4:39 
Dante Fabbro             0  0  0  -1  0   0  0  0  0  0  0/0     5:59   0:00   0:00 
Derrick Pouliot          1  0  1   2  0   2  0  2  2  1  0/0    24:02   0:05   4:39 
Dryden Hunt              0  1  1   1  0   1  1  1  0  0  1/1    20:57   0:05   3:12 
Dylan Samberg            0  0  0   0  0   0  0  0  0  0  0/0     0:35   0:00   0:08 
Jeffrey Viel             0  0  0   0  0   1  1  0  0  0  0/1     7:36   0:00   0:00 
Joshua Jacobs            0  1  1   1  0   1  0  0  0  0  0/0    11:38   0:00   0:32 
K'Andre Miller           0  0  0   0  0   0  0  0  0  1  0/0    18:35   0:00   2:59 
Linus Sandin             0  0  0   0  0   1  0  0  0  0  0/0     7:36   0:00   0:00 
Martin Kaut              0  0  0   0  0   0  0  0  0  0  0/0     0:00   0:00   0:00 
Mason Shaw               0  0  0   0  0   1  1  0  0  1  1/1     8:50   0:00   0:32 
Mikhail Vorobyev         1  1  2   3  0   3  1  0  0  0  6/8    11:03   0:00   0:00 
Nolan Patrick            0  2  2   1  0   4  4  1  0  1  11/29  21:37   0:05   3:59 
Owen Tippet              0  0  0  -2  0   2  1  0  0  2  0/1    14:20   0:00   0:00 
Ryan Culkin              0  0  0   0  2   1  2  0  1  0  0/0    17:58   0:00   2:16 
Sebastian Collberg       2  0  2   1  0   4  1  2  3  1  5/6    22:22   0:05   3:59 
Shane Pinto              0  0  0   0  0   0  0  0  0  0  0/0     2:29   0:00   1:44 
Yegor Korshkov           0  2  2   3  4   0  2  0  0  1  0/0    12:02   0:00   0:00 

3 Stars

1 - Andrei Altybarmakyan (Har)
2 - Sebastian Collberg (Har)
3 - Mikhail Vorobyev (Har)

Power Play

Gulls - 0 on 4 Attempt(s) - 0.00%
Wolfpack - 1 on 1 Attempt(s) - 100.00%

Penalty Kill

Gulls - 0 on 1 Attempt(s) - 0.00% - Score 0 goal in Penalty Kill
Wolfpack - 4 on 4 Attempt(s) - 100.00% - Score 0 goal in Penalty Kill

Team Stat

Gulls - Hits : 23 - Faceoff Wins : 32 - Blocked Shots : 9 - Penalty Minutes : 2
Wolfpack - Hits : 19 - Faceoff Wins : 31 - Blocked Shots : 7 - Penalty Minutes : 8

Official

Referees : Chris Lee and Jon McIsaac
Linesman : Mark Shewchyk and Bevan Mills

Game Notes

No Game Note

Finance

Level 1 -- Attendance: 1720 (86.00%) -- Ticket Income $120,400
Level 2 -- Attendance: 947 (94.70%) -- Ticket Income $37,880
Total Attendance: 2667 (88.90%)
Total Ticket Income: $158,280
Other Income: $7,914
Total Income: $166,194

Gulls

5 vs 5 Forward 
   Center                   Left Wing                Right Wing               Time % Phy DF OF 
 1 Logan Brown              Anton Blidh              Kailer Yamamoto          35     0   2  3  
 2 Morgan Frost             Sergey Tolchinsky        Jakub Vrana              30     0   2  3  
 3 Luke Kunin               Mikhail Maltsev          Troy Terry               25     0   2  3  
 4 Barrett Hayton           Pavel Dorofeyev          Scott Wilson             10     1   2  2  

5 vs 5 Defense 
   Defense                  Defense                                           Time % Phy DF OF 
 1 Dean Kukan               Andrei Mironov                                    40     1   2  2  
 2 Dylan DeMelo             Jack Glover                                       30     1   2  2  
 3 Connor Clifton           Tarmo Reunanen                                    20     1   2  2  
 4 Dean Kukan               Andrei Mironov                                    10     1   2  2  

PowerPlay Forward 
   Center                   Left Wing                Right Wing               Time % Phy DF OF 
 1 Logan Brown              Anton Blidh              Kailer Yamamoto          60     0   1  4  
 2 Morgan Frost             Sergey Tolchinsky        Jakub Vrana              40     0   1  4  

PowerPlay Defense
   Defense                  Defense                                           Time % Phy DF OF 
 1 Dean Kukan               Andrei Mironov                                    60     1   2  2  
 2 Dylan DeMelo             Jack Glover                                       40     1   2  2  

Penalty Kill 4 Players Forward 
   Center                   Wing                     Time % Phy DF OF 
 1 Luke Kunin               Sergey Tolchinsky        60     1   2  2  
 2 Morgan Frost             Scott Wilson             40     1   2  2  

Penalty Kill 4 Players Defense
   Defense                  Defense                  Time % Phy DF OF 
 1 Dean Kukan               Tarmo Reunanen           60     1   2  2  
 2 Dylan DeMelo             Connor Clifton           40     1   2  2  

Penalty Kill - 3 Players Forward 
   Forward                                           Time % Phy DF OF 
 1 Barrett Hayton                                    60     1   2  2  
 2 Morgan Frost                                      40     1   2  2  

Penalty Kill - 3 Players Defense
   Defense                  Defense                  Time % Phy DF OF 
 1 Connor Clifton           Andrei Mironov           60     1   2  2  
 2 Tarmo Reunanen           Jack Glover              40     1   2  2  

4 vs 4 Forward 
   Center                   Wing                     Time % Phy DF OF 
 1 Logan Brown              Scott Wilson             60     1   2  2  
 2 Morgan Frost             Troy Terry               40     1   2  2  

4 vs 4 Defense
   Defense                  Defense                  Time % Phy DF OF 
 1 Connor Clifton           Tarmo Reunanen           60     1   2  2  
 2 Dylan DeMelo             Jack Glover              40     1   2  2  

Last Minutes Offensive
   Center                   Left Wing                Right Wing               Defense                  Defense                  
   Logan Brown              Anton Blidh              Jakub Vrana              Dean Kukan               Andrei Mironov           

Last Minutes Defensive
   Center                   Left Wing                Right Wing               Defense                  Defense                  
   Logan Brown              Anton Blidh              Jakub Vrana              Dean Kukan               Andrei Mironov           

Goaltenders
Starting : Louis Domingue           
Backup : Eamon McAdam             

Extra Forwards
Normal : Anton Blidh, Jakub Vrana, Kailer Yamamoto - PP : Jakub Vrana, Anton Blidh - PK : Sergey Tolchinsky
Extra Defensemen
Normal : Connor Clifton, Tarmo Reunanen, Dean Kukan - PP : Connor Clifton - PK : Tarmo Reunanen, Dean Kukan
Penalty Shots
Jakub Vrana, Logan Brown, Scott Wilson, Anton Blidh, Sergey Tolchinsky
Custom OT Lines Forwards
Jakub Vrana, Logan Brown, Kailer Yamamoto, Anton Blidh, Sergey Tolchinsky, Troy Terry, Morgan Frost, Luke Kunin, Scott Wilson, Pavel Dorofeyev
Custom OT Lines Defensemen
Dean Kukan, Andrei Mironov, Dylan DeMelo, Jack Glover, Connor Clifton

Scratches
Branden Troock (Healthy), Damien Giroux (Healthy), Jake Pivonka (Healthy), Francis Perron (Healthy), Henri Ikonen (Right Forearm Injury)
Nick Merkley (Healthy), Ryan Collins (Healthy), Taylor Leier (Healthy), MacKenzie Entwistle (Healthy), Zack MacEwen (Healthy)
Niklas Nordgren (Healthy), John Beecher (Healthy), Massimo Rizzo (Healthy), Markus Niemelainen (Healthy), Drew Helleson (Healthy)
Alexis Gravel (Healthy), Connor Ingram (Healthy), Mads Sogaard (Healthy)

Wolfpack

5 vs 5 Forward 
   Center                   Left Wing                Right Wing               Time % Phy DF OF 
 1 Nolan Patrick            Dryden Hunt              Sebastian Collberg       40     1   2  2  
 2 Alex Barre-Boulet        Alexander Barabanov      Owen Tippet              30     1   2  2  
 3 Mikhail Vorobyev         Yegor Korshkov           Andrei Altybarmakyan     20     1   2  2  
 4 Mason Shaw               Jeffrey Viel             Linus Sandin             10     1   2  2  

5 vs 5 Defense 
   Defense                  Defense                                           Time % Phy DF OF 
 1 Derrick Pouliot          Colton White                                      40     1   2  2  
 2 Ryan Culkin              K'Andre Miller                                    30     1   2  2  
 3 Cale Fleury              Joshua Jacobs                                     20     1   2  2  
 4 Andrew Peeke             Dante Fabbro                                      10     1   2  2  

PowerPlay Forward 
   Center                   Left Wing                Right Wing               Time % Phy DF OF 
 1 Nolan Patrick            Dryden Hunt              Sebastian Collberg       60     1   2  2  
 2 Alex Barre-Boulet        Alexander Barabanov      Owen Tippet              40     1   2  2  

PowerPlay Defense
   Defense                  Defense                                           Time % Phy DF OF 
 1 Derrick Pouliot          Colton White                                      60     1   2  2  
 2 Ryan Culkin              K'Andre Miller                                    40     1   2  2  

Penalty Kill 4 Players Forward 
   Center                   Wing                     Time % Phy DF OF 
 1 Sebastian Collberg       Nolan Patrick            60     1   2  2  
 2 Dryden Hunt              Alexander Barabanov      40     1   2  2  

Penalty Kill 4 Players Defense
   Defense                  Defense                  Time % Phy DF OF 
 1 Derrick Pouliot          Colton White             60     1   2  2  
 2 Ryan Culkin              K'Andre Miller           40     1   2  2  

Penalty Kill - 3 Players Forward 
   Forward                                           Time % Phy DF OF 
 1 Sebastian Collberg                                60     1   2  2  
 2 Nolan Patrick                                     40     1   2  2  

Penalty Kill - 3 Players Defense
   Defense                  Defense                  Time % Phy DF OF 
 1 Derrick Pouliot          Colton White             60     1   2  2  
 2 Ryan Culkin              K'Andre Miller           40     1   2  2  

4 vs 4 Forward 
   Center                   Wing                     Time % Phy DF OF 
 1 Sebastian Collberg       Nolan Patrick            60     1   2  2  
 2 Dryden Hunt              Alexander Barabanov      40     1   2  2  

4 vs 4 Defense
   Defense                  Defense                  Time % Phy DF OF 
 1 Derrick Pouliot          Colton White             60     1   2  2  
 2 Ryan Culkin              K'Andre Miller           40     1   2  2  

Last Minutes Offensive
   Center                   Left Wing                Right Wing               Defense                  Defense                  
   Nolan Patrick            Dryden Hunt              Sebastian Collberg       Derrick Pouliot          Colton White             

Last Minutes Defensive
   Center                   Left Wing                Right Wing               Defense                  Defense                  
   Nolan Patrick            Dryden Hunt              Sebastian Collberg       Derrick Pouliot          Colton White             

Goaltenders
Starting : Charlie Lindgren         
Backup : Samuel Ersson            

Extra Forwards
Normal : Alexander Volkov, Martin Kaut, Shane Pinto - PP : Alexander Volkov, Martin Kaut - PK : Shane Pinto
Extra Defensemen
Normal : Dylan Samberg, Cale Fleury, Joshua Jacobs - PP : Dylan Samberg - PK : Cale Fleury, Joshua Jacobs
Penalty Shots
Sebastian Collberg, Nolan Patrick, Dryden Hunt, Alexander Barabanov, Owen Tippet
Custom OT Lines Forwards
Sebastian Collberg, Nolan Patrick, Dryden Hunt, Alexander Barabanov, Owen Tippet, Alex Barre-Boulet, Mikhail Vorobyev, Andrei Altybarmakyan, Linus Sandin, Alexander Volkov
Custom OT Lines Defensemen
Derrick Pouliot, Colton White, Ryan Culkin, K'Andre Miller, Cale Fleury

Scratches
Ryan Poehling (Healthy), Ben Jones (Healthy), Samuel Houde (Healthy), Jake Marchment (Strained Left Knee Injury), Jack Drury (Healthy)
Jakub Lauko (Broken Right Foot Toe Injury), Mathias Laferriere (Healthy), Maxwell Crozier (Healthy), Will Francis (Healthy), Dustin Wolf (Healthy)

% Time on Ice - Gulls

Lines # - Real PCT - Wanted PCT - Time Play
Normal Forward
1 - 32% - 35% - 16:42
2 - 27% - 30% - 13:52
3 - 27% - 25% - 13:48
4 - 15% - 10% - 7:37
Normal Defense
1 - 37% - 40% - 19:24
2 - 32% - 30% - 16:36
3 - 26% - 20% - 13:26
4 - 5% - 10% - 2:33
PP Forward
1 - 55% - 60% - 4:21
2 - 45% - 40% - 3:35
PP Defense
1 - 57% - 60% - 4:32
2 - 43% - 40% - 3:24
PK Forward
1 - 100% - 60% - 0:05
2 - 0% - 40% - 0:00
PK Defense
1 - 100% - 60% - 0:05
2 - 0% - 40% - 0:00
PK3 Forward
1 - 0% - 60%
2 - 0% - 40%
PK3 Defense
1 - 0% - 60%
2 - 0% - 40%
44 Forward
1 - 0% - 60%
2 - 0% - 40%
44 Defense
1 - 0% - 60%
2 - 0% - 40%
Last Minute Offensive  - 0:00
Last Minute Defensive  - 0:00
Total
Forward - 60:00
Defense - 60:00

% Time on Ice - Wolfpack

Lines # - Real PCT - Wanted PCT - Time Play
Normal Forward
1 - 37% - 40% - 19:00
2 - 28% - 30% - 14:20
3 - 21% - 20% - 11:03
4 - 15% - 10% - 7:36
Normal Defense
1 - 37% - 40% - 19:18
2 - 31% - 30% - 16:10
3 - 20% - 20% - 10:32
4 - 12% - 10% - 5:59
PP Forward
1 - 100% - 60% - 0:05
2 - 0% - 40% - 0:00
PP Defense
1 - 100% - 60% - 0:05
2 - 0% - 40% - 0:00
PK Forward
1 - 76% - 60% - 6:02
2 - 24% - 40% - 1:54
PK Defense
1 - 59% - 60% - 4:39
2 - 41% - 40% - 3:17
PK3 Forward
1 - 0% - 60%
2 - 0% - 40%
PK3 Defense
1 - 0% - 60%
2 - 0% - 40%
44 Forward
1 - 0% - 60%
2 - 0% - 40%
44 Defense
1 - 0% - 60%
2 - 0% - 40%
Last Minute Offensive  - 0:00
Last Minute Defensive  - 0:00
Total
Forward - 60:00
Defense - 60:00

Play-by-Play

1st period


0:01 of 1st period - Logan Brown wins face-off versus Nolan Patrick in neutral zone.
0:26 of 1st period - Colton White is hit by Jakub Vrana and loses puck.
2:13 of 1st period - Wrist shot by Andrei Altybarmakyan.
2:13 of 1st period - Shot Misses the Net.
2:21 of 1st period - Wrist shot by Andrei Altybarmakyan.
2:21 of 1st period - Deflect By Mikhail Vorobyev.
2:21 of 1st period - Stopped by Louis Domingue with a rebound.
2:37 of 1st period - Slapshot by Derrick Pouliot.
2:37 of 1st period - Shot Blocked by Connor Clifton.
2:45 of 1st period - Snap shot by Luke Kunin.
2:45 of 1st period - Stopped by Charlie Lindgren without a rebound.
2:46 of 1st period - Morgan Frost wins face-off versus Nolan Patrick in Wolfpack zone.
2:51 of 1st period - Wrist shot by Sergey Tolchinsky.
2:51 of 1st period - Stopped by Charlie Lindgren with a rebound.
2:53 of 1st period - Slapshot by Sergey Tolchinsky.
2:53 of 1st period - Stopped by Charlie Lindgren without a rebound.
2:54 of 1st period - Morgan Frost wins face-off versus Nolan Patrick in Wolfpack zone.
4:18 of 1st period - Dylan DeMelo is hit by Sebastian Collberg and loses puck.
4:43 of 1st period - Wrist shot by Mikhail Maltsev.
4:43 of 1st period - Stopped by Charlie Lindgren with a rebound.
5:05 of 1st period - Snap shot by Alexander Barabanov.
5:05 of 1st period - Shot Misses the Net.
5:11 of 1st period - Alex Barre-Boulet is hit by Scott Wilson and loses puck.
5:26 of 1st period - K'Andre Miller is hit by Kailer Yamamoto and loses puck.
5:41 of 1st period - Wrist shot by Dryden Hunt.
5:41 of 1st period - Stopped by Louis Domingue without a rebound.
5:42 of 1st period - Nolan Patrick wins face-off versus Morgan Frost in Gulls zone.
6:21 of 1st period - Wrist shot by Jakub Vrana.
6:21 of 1st period - Deflect By Morgan Frost.
6:21 of 1st period - Shot Misses the Net.
6:21 of 1st period - Puck is out of play.
6:22 of 1st period - Alex Barre-Boulet wins face-off versus Logan Brown in Wolfpack zone.
6:33 of 1st period - Slapshot by Alex Barre-Boulet.
6:33 of 1st period - Stopped by Louis Domingue without a rebound.
6:34 of 1st period - Logan Brown wins face-off versus Alex Barre-Boulet in Gulls zone.
6:43 of 1st period - Snap shot by Alexander Barabanov.
6:43 of 1st period - Stopped by Louis Domingue without a rebound.
6:44 of 1st period - Logan Brown wins face-off versus Alex Barre-Boulet in Gulls zone.
6:59 of 1st period - Snap shot by Alex Barre-Boulet.
6:59 of 1st period - Stopped by Louis Domingue with a rebound.
7:05 of 1st period - Snap shot by Alexander Barabanov.
7:05 of 1st period - Stopped by Louis Domingue with a rebound.
7:07 of 1st period - Slapshot by Colton White.
7:07 of 1st period - Deflect By Dean Kukan.
7:07 of 1st period - Stopped by Louis Domingue with a rebound.
7:09 of 1st period - Slapshot by Colton White.
7:09 of 1st period - Stopped by Louis Domingue without a rebound.
7:10 of 1st period - Luke Kunin wins face-off versus Nolan Patrick in Gulls zone.
7:21 of 1st period - Snap shot by Dryden Hunt.
7:21 of 1st period - Shot Misses the Net.
7:23 of 1st period - Slapshot by Nolan Patrick.
7:23 of 1st period - Shot Misses the Net.
7:37 of 1st period - Yegor Korshkov is hit by Sergey Tolchinsky and loses puck.
7:55 of 1st period - Off-side.
7:56 of 1st period - Logan Brown wins face-off versus Alex Barre-Boulet in neutral zone.
8:31 of 1st period - Slapshot by Luke Kunin.
8:31 of 1st period - Shot Blocked by Sebastian Collberg.
8:45 of 1st period - Jack Glover is hit by Yegor Korshkov and loses puck.
9:02 of 1st period - Tarmo Reunanen is hit by Jeffrey Viel and loses puck.
9:15 of 1st period - Slapshot by Mason Shaw.
9:15 of 1st period - Deflect By Linus Sandin.
9:15 of 1st period - Stopped by Louis Domingue without a rebound.
9:16 of 1st period - Nolan Patrick wins face-off versus Logan Brown in Gulls zone.
9:19 of 1st period - Slapshot by Sebastian Collberg.
9:19 of 1st period - Shot Blocked by Jack Glover.
9:25 of 1st period - Slapshot by Dryden Hunt.
9:25 of 1st period - Shot Misses the Net.
9:50 of 1st period - Snap shot by Troy Terry.
9:50 of 1st period - Goal by Troy Terry - Gulls : 1 - Wolfpack : 0.
9:51 of 1st period - Logan Brown wins face-off versus Nolan Patrick in neutral zone.
10:21 of 1st period - Snap shot by Alex Barre-Boulet.
10:21 of 1st period - Shot Misses the Net.
10:41 of 1st period - Snap shot by Jakub Vrana.
10:41 of 1st period - Deflect By Mikhail Maltsev.
10:41 of 1st period - Shot Misses the Net.
10:41 of 1st period - Puck is out of play.
10:42 of 1st period - Nolan Patrick wins face-off versus Luke Kunin in Wolfpack zone.
10:46 of 1st period - Off-side.
10:47 of 1st period - Nolan Patrick wins face-off versus Logan Brown in neutral zone.
10:55 of 1st period - Off-side.
10:56 of 1st period - Kailer Yamamoto wins face-off versus Nolan Patrick in neutral zone.
11:00 of 1st period - Icing by Dryden Hunt.
11:01 of 1st period - Sebastian Collberg wins face-off versus Logan Brown in Wolfpack zone.
11:05 of 1st period - Off-side.
11:06 of 1st period - Logan Brown wins face-off versus Nolan Patrick in neutral zone.
11:08 of 1st period - Minor Penalty to Kailer Yamamoto for Tripping.
11:09 of 1st period - Nolan Patrick wins face-off versus Luke Kunin in Gulls zone.
11:13 of 1st period - Slapshot by Sebastian Collberg.
11:13 of 1st period - Goal by Sebastian Collberg - Gulls : 1 - Wolfpack : 1.
11:14 of 1st period - Morgan Frost wins face-off versus Nolan Patrick in neutral zone.
11:17 of 1st period - Dryden Hunt is hit by Andrei Mironov and loses puck.
11:47 of 1st period - Wrist shot by Alex Barre-Boulet.
11:47 of 1st period - Stopped by Louis Domingue with a rebound.
12:03 of 1st period - Slapshot by Troy Terry.
12:03 of 1st period - Stopped by Charlie Lindgren without a rebound.
12:04 of 1st period - Mikhail Vorobyev wins face-off versus Luke Kunin in Wolfpack zone.
12:09 of 1st period - Slapshot by Derrick Pouliot.
12:09 of 1st period - Stopped by Louis Domingue with a rebound.
12:18 of 1st period - Minor Penalty to Yegor Korshkov for Holding.
12:19 of 1st period - Sebastian Collberg wins face-off versus Logan Brown in Wolfpack zone.
12:34 of 1st period - Snap shot by Anton Blidh.
12:34 of 1st period - Shot Misses the Net.
14:18 of 1st period - Penalty to Yegor Korshkov is over, Yegor Korshkov is back on ice.
14:26 of 1st period - Derrick Pouliot is hit by Scott Wilson and loses puck.
14:33 of 1st period - Wrist shot by Scott Wilson.
14:33 of 1st period - Stopped by Charlie Lindgren without a rebound.
14:34 of 1st period - Mikhail Vorobyev wins face-off versus Luke Kunin in Wolfpack zone.
15:56 of 1st period - Off-side.
15:57 of 1st period - Mikhail Vorobyev wins face-off versus Logan Brown in neutral zone.
16:02 of 1st period - Slapshot by Derrick Pouliot.
16:02 of 1st period - Goal by Derrick Pouliot - Gulls : 1 - Wolfpack : 2.
16:03 of 1st period - Logan Brown wins face-off versus Nolan Patrick in neutral zone.
16:06 of 1st period - Snap shot by Nolan Patrick.
16:06 of 1st period - Stopped by Louis Domingue with a rebound.
16:30 of 1st period - Jakub Vrana is hit by Colton White and loses puck.
16:39 of 1st period - Wrist shot by Owen Tippet.
16:39 of 1st period - Shot Misses the Net.
17:21 of 1st period - Slapshot by Scott Wilson.
17:21 of 1st period - Stopped by Charlie Lindgren without a rebound.
17:22 of 1st period - Nolan Patrick wins face-off versus Logan Brown in Wolfpack zone.
17:35 of 1st period - Off-side.
17:36 of 1st period - Morgan Frost wins face-off versus Nolan Patrick in neutral zone.
17:47 of 1st period - Snap shot by Sergey Tolchinsky.
17:47 of 1st period - Stopped by Charlie Lindgren without a rebound.
17:48 of 1st period - Nolan Patrick wins face-off versus Logan Brown in Wolfpack zone.
18:13 of 1st period - Colton White is hit by Jakub Vrana and loses puck.
18:22 of 1st period - Slapshot by Jakub Vrana.
18:22 of 1st period - Stopped by Charlie Lindgren without a rebound.
18:23 of 1st period - Morgan Frost wins face-off versus Nolan Patrick in Wolfpack zone.
18:24 of 1st period - Backhand shot by Sergey Tolchinsky.
18:24 of 1st period - Stopped by Charlie Lindgren without a rebound.
18:25 of 1st period - Nolan Patrick wins face-off versus Morgan Frost in Wolfpack zone.
18:25 of 1st period - Nolan Patrick is hit by Sergey Tolchinsky.
19:02 of 1st period - Snap shot by Anton Blidh.
19:02 of 1st period - Stopped by Charlie Lindgren with a rebound.
19:04 of 1st period - Wrist shot by Anton Blidh.
19:04 of 1st period - Stopped by Charlie Lindgren without a rebound.
19:05 of 1st period - Alex Barre-Boulet wins face-off versus Luke Kunin in Wolfpack zone.
19:14 of 1st period - Snap shot by Mikhail Maltsev.
19:14 of 1st period - Stopped by Charlie Lindgren without a rebound.
19:15 of 1st period - Alex Barre-Boulet wins face-off versus Luke Kunin in Wolfpack zone.
19:26 of 1st period - Snap shot by Alexander Barabanov.
19:26 of 1st period - Stopped by Louis Domingue without a rebound.
19:27 of 1st period - Logan Brown wins face-off versus Nolan Patrick in Gulls zone.
19:27 of 1st period - Logan Brown is hit by Ryan Culkin.
Goals for this period are 1 for Gulls vs 2 for Wolfpack.
Shots for this period are 14 for Gulls vs 15 for Wolfpack.

2nd period


0:01 of 2nd period - Nolan Patrick wins face-off versus Logan Brown in neutral zone.
0:08 of 2nd period - Slapshot by Nolan Patrick.
0:08 of 2nd period - Stopped by Louis Domingue with a rebound.
0:12 of 2nd period - Slapshot by Dryden Hunt.
0:12 of 2nd period - Shot Hit the Post.
0:16 of 2nd period - Snap shot by Nolan Patrick.
0:16 of 2nd period - Shot Misses the Net.
0:31 of 2nd period - Slapshot by Jakub Vrana.
0:31 of 2nd period - Shot Misses the Net.
0:33 of 2nd period - Slapshot by Andrei Mironov.
0:33 of 2nd period - Shot Misses the Net.
0:35 of 2nd period - Slapshot by Andrei Mironov.
0:35 of 2nd period - Deflect By Jakub Vrana.
0:35 of 2nd period - Shot Misses the Net.
0:35 of 2nd period - Puck is out of play.
0:36 of 2nd period - Sebastian Collberg wins face-off versus Luke Kunin in Wolfpack zone.
0:41 of 2nd period - Wrist shot by Sebastian Collberg.
0:41 of 2nd period - Goal by Sebastian Collberg - Gulls : 1 - Wolfpack : 3.
0:42 of 2nd period - Anton Blidh wins face-off versus Nolan Patrick in neutral zone.
0:51 of 2nd period - Wrist shot by Anton Blidh.
0:51 of 2nd period - Shot Misses the Net.
0:56 of 2nd period - Icing by Sebastian Collberg.
0:57 of 2nd period - Morgan Frost wins face-off versus Nolan Patrick in Wolfpack zone.
0:58 of 2nd period - Wrist shot by Jakub Vrana.
0:58 of 2nd period - Stopped by Charlie Lindgren with a rebound.
1:00 of 2nd period - Snap shot by Morgan Frost.
1:00 of 2nd period - Shot Blocked by Derrick Pouliot.
1:04 of 2nd period - Slapshot by Sergey Tolchinsky.
1:04 of 2nd period - Stopped by Charlie Lindgren with a rebound.
1:06 of 2nd period - Wrist shot by Dean Kukan.
1:06 of 2nd period - Shot Misses the Net.
1:08 of 2nd period - Snap shot by Dean Kukan.
1:08 of 2nd period - Stopped by Charlie Lindgren without a rebound.
1:09 of 2nd period - Logan Brown wins face-off versus Owen Tippet in Wolfpack zone.
1:16 of 2nd period - Wrist shot by Alexander Barabanov.
1:16 of 2nd period - Stopped by Louis Domingue with a rebound.
1:24 of 2nd period - Wrist shot by Anton Blidh.
1:24 of 2nd period - Shot Misses the Net.
2:03 of 2nd period - Wrist shot by Mikhail Vorobyev.
2:03 of 2nd period - Stopped by Louis Domingue without a rebound.
2:04 of 2nd period - Alex Barre-Boulet wins face-off versus Logan Brown in Gulls zone.
2:29 of 2nd period - Sebastian Collberg is hit by Dean Kukan and loses puck.
2:54 of 2nd period - Slapshot by Colton White.
2:54 of 2nd period - Shot Blocked by Dylan DeMelo.
2:56 of 2nd period - Wrist shot by Yegor Korshkov.
2:56 of 2nd period - Shot Blocked by Luke Kunin.
3:20 of 2nd period - Wrist shot by Alexander Barabanov.
3:20 of 2nd period - Stopped by Louis Domingue with a rebound.
3:22 of 2nd period - Slapshot by Joshua Jacobs.
3:22 of 2nd period - Stopped by Louis Domingue with a rebound.
3:56 of 2nd period - Snap shot by Sergey Tolchinsky.
3:56 of 2nd period - Shot Misses the Net.
4:04 of 2nd period - Wrist shot by Nolan Patrick.
4:04 of 2nd period - Stopped by Louis Domingue without a rebound.
4:05 of 2nd period - Logan Brown wins face-off versus Alex Barre-Boulet in Gulls zone.
4:05 of 2nd period - Logan Brown is hit by Owen Tippet.
4:58 of 2nd period - Ryan Culkin is hit by Jakub Vrana and loses puck.
6:12 of 2nd period - Mikhail Vorobyev is hit by Sergey Tolchinsky.
6:20 of 2nd period - Wrist shot by Morgan Frost.
6:20 of 2nd period - Stopped by Charlie Lindgren with a rebound.
7:17 of 2nd period - Jack Glover is hit by Dryden Hunt and loses puck.
7:55 of 2nd period - Mason Shaw is hit by Dylan DeMelo and loses puck.
8:33 of 2nd period - Sebastian Collberg is hit by Logan Brown and loses puck.
8:42 of 2nd period - Snap shot by Nolan Patrick.
8:42 of 2nd period - Stopped by Louis Domingue with a rebound.
9:16 of 2nd period - Snap shot by Mikhail Maltsev.
9:16 of 2nd period - Deflect By Troy Terry.
9:16 of 2nd period - Shot Blocked by Andrew Peeke.
9:16 of 2nd period - Puck is out of play.
9:17 of 2nd period - Mason Shaw wins face-off versus Logan Brown in Wolfpack zone.
9:24 of 2nd period - Snap shot by Derrick Pouliot.
9:24 of 2nd period - Shot Misses the Net.
9:52 of 2nd period - Wrist shot by Sebastian Collberg.
9:52 of 2nd period - Shot Misses the Net.
9:58 of 2nd period - Jack Glover is hit by Colton White and loses puck.
10:12 of 2nd period - Wrist shot by Nolan Patrick.
10:12 of 2nd period - Deflect By Sebastian Collberg.
10:12 of 2nd period - Shot Blocked by Dylan DeMelo.
10:12 of 2nd period - Puck is out of play.
10:13 of 2nd period - Logan Brown wins face-off versus Alex Barre-Boulet in Gulls zone.
10:13 of 2nd period - Logan Brown is hit by Ryan Culkin.
10:21 of 2nd period - Owen Tippet is hit by Kailer Yamamoto and loses puck.
11:09 of 2nd period - Snap shot by Troy Terry.
11:09 of 2nd period - Stopped by Charlie Lindgren with a rebound.
11:11 of 2nd period - Slapshot by Andrei Mironov.
11:11 of 2nd period - Stopped by Charlie Lindgren without a rebound.
11:12 of 2nd period - Logan Brown wins face-off versus Nolan Patrick in Wolfpack zone.
11:37 of 2nd period - Connor Clifton is hit by Mikhail Vorobyev and loses puck.
11:48 of 2nd period - Slapshot by Andrei Altybarmakyan.
11:48 of 2nd period - Shot Misses the Net.
11:50 of 2nd period - Slapshot by Joshua Jacobs.
11:50 of 2nd period - Shot Blocked by Kailer Yamamoto.
12:26 of 2nd period - Sebastian Collberg is hit by Luke Kunin and loses puck.
12:31 of 2nd period - Wrist shot by Troy Terry.
12:31 of 2nd period - Shot Blocked by Sebastian Collberg.
12:49 of 2nd period - Minor Penalty to Ryan Culkin for Holding.
12:50 of 2nd period - Sebastian Collberg wins face-off versus Logan Brown in Wolfpack zone.
13:23 of 2nd period - Slapshot by Sergey Tolchinsky.
13:23 of 2nd period - Shot Misses the Net.
13:33 of 2nd period - Colton White is hit by Logan Brown and loses puck.
14:49 of 2nd period - Penalty to Ryan Culkin is over, Ryan Culkin is back on ice.
15:29 of 2nd period - Slapshot by Owen Tippet.
15:29 of 2nd period - Stopped by Louis Domingue with a rebound.
17:29 of 2nd period - Andrei Mironov is hit by Yegor Korshkov and loses puck.
17:36 of 2nd period - Mikhail Vorobyev is hit by Mikhail Maltsev and loses puck.
18:00 of 2nd period - Snap shot by Linus Sandin.
18:00 of 2nd period - Shot Misses the Net.
18:12 of 2nd period - Slapshot by Ryan Culkin.
18:12 of 2nd period - Shot Misses the Net.
18:18 of 2nd period - Owen Tippet is hit by Andrei Mironov and loses puck.
18:50 of 2nd period - Tarmo Reunanen is hit by Nolan Patrick and loses puck.
19:03 of 2nd period - Snap shot by Anton Blidh.
19:03 of 2nd period - Stopped by Charlie Lindgren with a rebound.
19:22 of 2nd period - Snap shot by Nolan Patrick.
19:22 of 2nd period - Deflect By Dryden Hunt.
19:22 of 2nd period - Shot Misses the Net.
19:22 of 2nd period - Puck is out of play.
19:23 of 2nd period - Alex Barre-Boulet wins face-off versus Morgan Frost in Gulls zone.
19:24 of 2nd period - Wrist shot by Alexander Barabanov.
19:24 of 2nd period - Deflect By Alex Barre-Boulet.
19:24 of 2nd period - Stopped by Louis Domingue with a rebound.
19:50 of 2nd period - Mikhail Vorobyev is hit by Luke Kunin.
Goals for this period are 0 for Gulls vs 1 for Wolfpack.
Shots for this period are 7 for Gulls vs 10 for Wolfpack.

3rd period


0:01 of 3rd period - Nolan Patrick wins face-off versus Logan Brown in neutral zone.
0:31 of 3rd period - Icing by Dylan DeMelo.
0:32 of 3rd period - Morgan Frost wins face-off versus Alex Barre-Boulet in Gulls zone.
0:47 of 3rd period - Wrist shot by Sergey Tolchinsky.
0:47 of 3rd period - Shot Misses the Net.
0:57 of 3rd period - Dylan DeMelo is hit by Cale Fleury and loses puck.
1:18 of 3rd period - Snap shot by Scott Wilson.
1:18 of 3rd period - Shot Blocked by Dryden Hunt.
1:20 of 3rd period - Slapshot by Dean Kukan.
1:20 of 3rd period - Shot Blocked by Nolan Patrick.
1:22 of 3rd period - Wrist shot by Andrei Mironov.
1:22 of 3rd period - Shot Misses the Net.
1:44 of 3rd period - Snap shot by Yegor Korshkov.
1:44 of 3rd period - Shot Blocked by Kailer Yamamoto.
1:46 of 3rd period - Snap shot by Andrei Altybarmakyan.
1:46 of 3rd period - Goal by Andrei Altybarmakyan - Gulls : 1 - Wolfpack : 4.
1:47 of 3rd period - Morgan Frost wins face-off versus Alex Barre-Boulet in neutral zone.
1:56 of 3rd period - Wrist shot by Alexander Barabanov.
1:56 of 3rd period - Stopped by Louis Domingue without a rebound.
1:57 of 3rd period - Alex Barre-Boulet wins face-off versus Morgan Frost in Gulls zone.
1:58 of 3rd period - Wrist shot by Alexander Barabanov.
1:58 of 3rd period - Deflect By Owen Tippet.
1:58 of 3rd period - Stopped by Louis Domingue with a rebound.
2:04 of 3rd period - Wrist shot by Alex Barre-Boulet.
2:04 of 3rd period - Stopped by Louis Domingue without a rebound.
2:05 of 3rd period - Nolan Patrick wins face-off versus Logan Brown in Gulls zone.
2:20 of 3rd period - Backhand shot by Kailer Yamamoto.
2:20 of 3rd period - Shot Misses the Net.
2:58 of 3rd period - Wrist shot by Andrei Altybarmakyan.
2:58 of 3rd period - Shot Blocked by Troy Terry.
3:21 of 3rd period - Snap shot by Jeffrey Viel.
3:21 of 3rd period - Stopped by Louis Domingue with a rebound.
3:23 of 3rd period - Wrist shot by Linus Sandin.
3:23 of 3rd period - Shot Misses the Net.
3:41 of 3rd period - Slapshot by Ryan Culkin.
3:41 of 3rd period - Stopped by Louis Domingue with a rebound.
4:01 of 3rd period - Snap shot by Jakub Vrana.
4:01 of 3rd period - Deflect By Morgan Frost.
4:01 of 3rd period - Shot Misses the Net.
4:01 of 3rd period - Puck is out of play.
4:02 of 3rd period - Morgan Frost wins face-off versus Nolan Patrick in Wolfpack zone.
4:07 of 3rd period - Snap shot by Jakub Vrana.
4:07 of 3rd period - Stopped by Charlie Lindgren with a rebound.
4:27 of 3rd period - Slapshot by Andrei Altybarmakyan.
4:27 of 3rd period - Stopped by Louis Domingue without a rebound.
4:28 of 3rd period - Mikhail Vorobyev wins face-off versus Kailer Yamamoto in Gulls zone.
5:22 of 3rd period - Connor Clifton is hit by Alexander Barabanov and loses puck.
6:34 of 3rd period - Minor Penalty to Andrew Peeke for High sticking.
6:35 of 3rd period - Sebastian Collberg wins face-off versus Logan Brown in Wolfpack zone.
6:35 of 3rd period - Sebastian Collberg is hit by Jack Glover.
8:34 of 3rd period - Penalty to Andrew Peeke is over, Andrew Peeke is back on ice.
8:59 of 3rd period - Icing by Mikhail Vorobyev.
9:00 of 3rd period - Luke Kunin wins face-off versus Mikhail Vorobyev in Wolfpack zone.
9:30 of 3rd period - Minor Penalty to Yegor Korshkov for High sticking.
9:31 of 3rd period - Logan Brown wins face-off versus Sebastian Collberg in Wolfpack zone.
9:42 of 3rd period - Derrick Pouliot is hit by Logan Brown and loses puck.
11:30 of 3rd period - Penalty to Yegor Korshkov is over, Yegor Korshkov is back on ice.
11:35 of 3rd period - Joshua Jacobs is hit by Jack Glover and loses puck.
12:10 of 3rd period - Slapshot by Yegor Korshkov.
12:10 of 3rd period - Shot Misses the Net.
12:12 of 3rd period - Slapshot by Joshua Jacobs.
12:12 of 3rd period - Shot Blocked by Dylan DeMelo.
12:14 of 3rd period - Slapshot by Joshua Jacobs.
12:14 of 3rd period - Deflect By Shane Pinto.
12:14 of 3rd period - Shot Misses the Net.
12:14 of 3rd period - Puck is out of play.
12:15 of 3rd period - Luke Kunin wins face-off versus Alex Barre-Boulet in Gulls zone.
12:15 of 3rd period - Luke Kunin is hit by Alex Barre-Boulet.
12:46 of 3rd period - Icing by Tarmo Reunanen.
12:47 of 3rd period - Morgan Frost wins face-off versus Jeffrey Viel in Gulls zone.
12:47 of 3rd period - Morgan Frost is hit by Mason Shaw.
12:54 of 3rd period - Wrist shot by Sergey Tolchinsky.
12:54 of 3rd period - Shot Blocked by Derrick Pouliot.
12:56 of 3rd period - Snap shot by Morgan Frost.
12:56 of 3rd period - Shot Misses the Net.
12:58 of 3rd period - Slapshot by Connor Clifton.
12:58 of 3rd period - Deflect By Morgan Frost.
12:58 of 3rd period - Shot Misses the Net.
12:58 of 3rd period - Puck is out of play.
12:59 of 3rd period - Alex Barre-Boulet wins face-off versus Logan Brown in Wolfpack zone.
14:38 of 3rd period - Wrist shot by Mikhail Maltsev.
14:38 of 3rd period - Shot Hit the Post.
14:40 of 3rd period - Snap shot by Luke Kunin.
14:40 of 3rd period - Shot Misses the Net.
14:46 of 3rd period - Snap shot by Mikhail Maltsev.
14:46 of 3rd period - Goal by Mikhail Maltsev - Gulls : 2 - Wolfpack : 4.
14:47 of 3rd period - Logan Brown wins face-off versus Nolan Patrick in neutral zone.
14:56 of 3rd period - Wrist shot by Sebastian Collberg.
14:56 of 3rd period - Stopped by Louis Domingue without a rebound.
14:57 of 3rd period - Dryden Hunt wins face-off versus Logan Brown in Gulls zone.
15:19 of 3rd period - Slapshot by Sebastian Collberg.
15:19 of 3rd period - Stopped by Louis Domingue without a rebound.
15:20 of 3rd period - Mikhail Vorobyev wins face-off versus Luke Kunin in Gulls zone.
16:38 of 3rd period - Wrist shot by Scott Wilson.
16:38 of 3rd period - Stopped by Charlie Lindgren with a rebound.
16:51 of 3rd period - Slapshot by Dylan DeMelo.
16:51 of 3rd period - Shot Misses the Net.
17:03 of 3rd period - Wrist shot by Linus Sandin.
17:03 of 3rd period - Shot Misses the Net.
17:05 of 3rd period - Slapshot by Ryan Culkin.
17:05 of 3rd period - Deflect By Mason Shaw.
17:05 of 3rd period - Stopped by Louis Domingue without a rebound.
17:06 of 3rd period - Luke Kunin wins face-off versus Mikhail Vorobyev in Gulls zone.
17:15 of 3rd period - Slapshot by Luke Kunin.
17:15 of 3rd period - Stopped by Charlie Lindgren without a rebound.
17:16 of 3rd period - Mikhail Vorobyev wins face-off versus Luke Kunin in Wolfpack zone.
17:35 of 3rd period - Snap shot by Mikhail Vorobyev.
17:35 of 3rd period - Goal by Mikhail Vorobyev - Gulls : 2 - Wolfpack : 5.
17:36 of 3rd period - Logan Brown wins face-off versus Nolan Patrick in neutral zone.
18:01 of 3rd period - Colton White is hit by Sergey Tolchinsky and loses puck.
18:24 of 3rd period - Snap shot by Luke Kunin.
18:24 of 3rd period - Shot Hit the Post.
19:11 of 3rd period - Jack Glover is hit by Nolan Patrick and loses puck.
19:21 of 3rd period - Off-side.
19:22 of 3rd period - Morgan Frost wins face-off versus Alex Barre-Boulet in neutral zone.
19:37 of 3rd period - Snap shot by Morgan Frost.
19:37 of 3rd period - Shot Misses the Net.
19:49 of 3rd period - Anton Blidh is hit by Nolan Patrick.
19:57 of 3rd period - Tarmo Reunanen is hit by Nolan Patrick.
Goals for this period are 1 for Gulls vs 2 for Wolfpack.
Shots for this period are 4 for Gulls vs 11 for Wolfpack.